 Dungeon Crawl Stone Soup version 0.16-a0-4127-g24fbb24 (webtiles) character file.

161 Sixotanaka the Ruffian (level 5, -3/48 HPs)
             Began as a Troll Warper on Mar 1, 2015.
             Slain by Grinder (7 damage)
             ... on level 3 of the Dungeon on Mar 2, 2015.
             The game lasted 00:04:42 (1796 turns).

Sixotanaka the Ruffian (Troll Warper)               Turns: 1796, Time: 00:04:42

Health: -3/48      AC:  5    Str: 19    XL:     5   Next: 18%
Magic:  4/4        EV:  9    Int:  9    God:
Gold:   176        SH:  0    Dex: 10    Spells: 1 memorised, 5 levels left

rFire  . . .     SeeInvis .       - Unarmed
rCold  . . .     Clarity  .     b - +0 robe
rNeg   . . .     SustAb   .     (shield restricted)
rPois  .         Gourm    +     (helmet restricted)
rElec  .         Spirit   .     (no cloak)
rCorr  .         Warding  .     (gloves unavailable)
rMut   .         Stasis   .     (boots unavailable)
MR     .....                    (no amulet)
Stlth  +.........               (no ring)
                                (no ring)

@: not resistant to hostile enchantments, very unstealthy
A: unfitting armour, claws 3, fast metabolism 3, gourmand, regeneration 2,
shaggy fur 1, tough skin 2
a: no special abilities


You were on level 3 of the Dungeon.
You were completely stuffed.

You visited 1 branch of the dungeon, and saw 3 of its levels.

You collected 176 gold pieces.


Innate Abilities, Weirdness & Mutations

You are too large for most types of armour.
You have claws for hands.
Your metabolism is lightning-fast.
You like to eat raw meat.
You heal very quickly.
You are covered in fur (AC +1).
You have very tough skin (AC +2).


   Skills:
 - Level 1.5 Fighting
 - Level 0.8 Throwing
 - Level 0.7 Armour
 - Level 1.5 Dodging
 + Level 5.4 Unarmed Combat
 - Level 1.2 Spellcasting
 - Level 2.1 Translocations


You had 5 spell levels left.
You knew the following spells:

 Your Spells              Type           Power        Failure   Level  Hunger
e - Apportation           Tloc           #.........   14%         1    ##.....


Dungeon Overview and Level Annotations

Branches:
Dungeon (3/15)

Altars:

Annotations:
D:3 Grinder

Inventory:

Hand weapons
 y - a +0 blowgun
Missiles
 e - 5 tomahawks of dispersal (quivered) {!f}
 w - 22 poisoned needles
Armour
 b - a +0 robe (worn)
 j - a cursed +0 robe
Magical devices
 u - a wand of polymorph (1)
Scrolls
 d - 2 scrolls of blinking
 h - a scroll of amnesia {unknown}
 k - a scroll of noise {unknown}
 l - 3 scrolls of identify {unknown}
 m - a scroll of recharging {unknown}
 p - a scroll of random uselessness {unknown}
 q - a scroll of teleportation {unknown}
 r - 2 scrolls of remove curse {unknown}
 t - a scroll of enchant weapon {unknown}
Potions
 f - a potion of degeneration {unknown}
 i - a potion of restore abilities {unknown}
 n - 3 potions of invisibility {unknown}
 s - a potion of mutation {unknown}
 v - 2 potions of curing {unknown}
Books
 c - a book of Spatial Translocations
Comestibles
 a - 3 meat rations
 g - 2 bread rations
 o - a slice of pizza
 x - 7 chunks of flesh

....................#
########...#.....#.##
#...#####.#.# #.....# #.#.#
#.#.#.# #.#.# #.#.#.# #.#.#
#.#)# # #.#5#
########.#.#.# #5#.#
...).........###@#.#######
########)#.......†.......$.
#......#.......#$#######
#)######.#######.# #.# #>#
#.# #%# #)# #.# ###.# #..
....# #r.


You could see Grinder.


Message History

x - 8 chunks of flesh (gained 3)
Things that are here:
a mace; a hand axe; an orc skeleton You now have 176 gold pieces (gained 16).
Found a scroll of blinking.
d - 2 scrolls of blinking (gained 1)
An orc comes into view. It is wielding a club.
Welcome back, Sixotanaka the Troll Warper.
You claw the orc!
You kill the orc!
No target in view!
No target in view!
Eating one of 8 chunks of flesh.
This raw flesh tastes great.
You continue eating. x2
You see here a club.
Found 11 gold pieces.
Grinder comes into view.
Grinder shouts!
Grinder gestures.
Grinder blinks!
Found 15 gold pieces and a beef jerky.
Found an escape hatch in the floor.
Grinder gestures at you.
You suddenly lose the ability to move!
A rat comes into view.
You can move again.
You see here 11 gold pieces.
You closely miss Grinder. You claw Grinder!
Grinder gestures.
Grinder blinks!
Quiver which item? (- for none, * to show all) (? for menu, Esc to quit)
Okay, then.
You start waiting.
There are monsters nearby!
Grinder hits you.
You writhe in agony.
You closely miss Grinder.
Grinder gestures.
Grinder blinks!
There are monsters nearby!
You claw the rat!
You kill the rat!
You claw Grinder!
Grinder says, "Mostly I couldn't keep them alive."
Grinder drinks a potion.
Grinder is healed!
You scratch Grinder.
Grinder gestures.
Grinder blinks!
You scratch Grinder but do no damage. Grinder completely misses you.
You scratch Grinder. Grinder hits you.
You writhe in agony.
You barely miss Grinder. Grinder hits you!
You writhe in agony.
You barely miss Grinder. You barely miss Grinder. Grinder gestures at you.
You suddenly lose the ability to move!
Grinder hits you.
* * * LOW HITPOINT WARNING * * *
You writhe in agony.
* * * LOW HITPOINT WARNING * * *
Grinder hits you but does no damage. Grinder hits you.
* * * LOW HITPOINT WARNING * * *
You writhe in agony.
* * * LOW HITPOINT WARNING * * *
Grinder completely misses you. Grinder hits you.
* * * LOW HITPOINT WARNING * * *
You writhe in agony.
* * * LOW HITPOINT WARNING * * *
You can move again.
You barely miss Grinder. Grinder hits you!
You die...

Action                   |  1- 3 |  4- 6 || total
-------------------------+-------+-------++-------
Melee: Unarmed           |    96 |    43 ||   139
 Stab: Sleeping          |       |     1 ||     1
  Eat: Chunk             |    15 |     7 ||    22

Vault maps used:
D:1:      lemuel_arrival_lava_pool, grunt_decor_cap
D:2:      minmay_item_behind_shaft
D:3:      fedhas_altar_fruit_tree, first_bread, uniq_grinder

Notes
Turn   | Place    | Note
--------------------------------------------------------------
     0 | D:1      | Sixotanaka, the Troll Warper, began the quest for the Orb.
     0 | D:1      | Reached XP level 1. HP: 19/19 MP: 2/2
   133 | D:1      | Reached XP level 2. HP: 24/27 MP: 2/2
   386 | D:1      | Reached skill level 3 in Unarmed Combat
   686 | D:2      | Reached XP level 3. HP: 19/33 MP: 3/3
   839 | D:2      | Reached skill level 4 in Unarmed Combat
  1363 | D:3      | Reached XP level 4. HP: 41/41 MP: 4/4
  1656 | D:3      | Reached skill level 5 in Unarmed Combat
  1676 | D:3      | Reached XP level 5. HP: 32/48 MP: 4/4
  1743 | D:3      | Upgraded the game from 0.16-a0-4120-gb205902 to 0.16-a0-4127-g24fbb24
  1767 | D:3      | Noticed Grinder
  1768 | D:3      | Paralysed by Grinder for 4 turns
  1790 | D:3      | Paralysed by Grinder for 5 turns
  1793 | D:3      | HP: 11/48 [Grinder (4)]
  1795 | D:3      | HP: 3/48 [Grinder (3)]
  1796 | D:3      | Slain by Grinder

Vanquished Creatures
  An orc wizard (D:3)
  An orc priest (D:3)
  2 adders
  3 gnolls (D:3)
  2 worms (D:2)
  4 orcs (D:3)
  A ball python (D:2)
  4 bats
  A giant cockroach (D:1)
  6 goblins
  9 hobgoblins
  3 jackals (D:2)
  A giant gecko (D:1)
  5 giant newts
  4 kobolds
  5 rats
52 creatures vanquished.
